 Dungeon Crawl Stone Soup version 0.17-a0-1184-gb75be8f (webtiles) character file.

1825 Fluffy the Skirmisher (level 8, 0/64 HPs)
             Began as a Demonspawn Gladiator on June 1, 2015.
             Was a Follower of Okawaru.
             Slain by an orc warrior
             ... wielding a +2 battleaxe of draining
              (16 damage)
             ... on level 7 of the Dungeon.
             The game lasted 00:17:41 (5945 turns).

Fluffy the Skirmisher (Demonspawn Gladiator)        Turns: 5945, Time: 00:17:42

Health: 0/64       AC: 13    Str: 18    XL:     8   Next: 86%
Magic:  10/10      EV:  7    Int: 10    God:    Okawaru [*.....]
Gold:   260        SH:  0    Dex: 13    Spells: 0 memorised, 7 levels left

rFire  . . .     SeeInvis .     a - +1 long sword
rCold  + . .     Clarity  .     i - +0 plate armour
rNeg   . . .     SustAt   .     (no shield)
rPois  .         Gourm    .     c - +1 helmet
rElec  .         Spirit   .     (no cloak)
rCorr  .         Warding  .     (no gloves)
rMut   .         Stasis   .     (no boots)
MR     .....                    (no amulet)
Stlth  ..........               s - ring of protection from cold
                                w - ring of loudness (curse)

@: very slightly contaminated, hasted, heavily drained, very quick, not
resistant to hostile enchantments, extremely unstealthy
A: talons 1, demonic guardian 1, spiny 2
a: Heroism, Renounce Religion


You were on level 7 of the Dungeon.
You worshipped Okawaru.
Okawaru was aware of your devotion.
You were not hungry.

You visited 2 branches of the dungeon, and saw 8 of its levels.

You collected 260 gold pieces.

Inventory:

Hand weapons
 a - a +1 long sword (weapon)
Missiles
 d - 6 throwing nets (quivered)
Armour
 c - a +1 helmet (worn)
 i - a +0 plate armour (worn)
Jewellery
 b - an uncursed ring of magical power
 s - a ring of protection from cold (right hand)
 u - an uncursed ring of magical power
 w - a cursed ring of loudness (left hand)
Magical devices
 f - a wand of random effects (10)
 m - a wand of invisibility (3)
 y - a wand of heal wounds (8)
Scrolls
 o - 2 scrolls of teleportation
 r - 3 scrolls of enchant weapon
Potions
 g - a potion of cancellation
 h - a potion of agility {unknown}
 k - a potion of flight
 v - a potion of mutation
 x - a potion of curing
Comestibles
 e - 7 bread rations
 j - 2 royal jellies
 n - 2 beef jerkies
 p - 2 fruits
 t - 4 meat rations


   Skills:
 + Level 6.0(4.5) Fighting
 + Level 5.8(4.3) Long Blades
 - Level 1.7(0.4) Throwing
 + Level 4.7(3.3) Armour
 + Level 5.7(4.3) Dodging
 + Level 3.0(1.6) Invocations


You had 7 spell levels left.
You didn't know any spells.

Dungeon Overview and Level Annotations

Branches:
Dungeon (7/15)             Temple (1/1) D:6

Altars:
Ashenzari
Cheibriados
Dithmenos
Elyvilon
Fedhas
Gozag
Kikubaaqudgha
Makhleb
Nemelex Xobeh
Okawaru
Qazlal
Ru
Sif Muna
Trog
Vehumet
Xom
Yredelemnul
Zin
The Shining One

Annotations:
D:3 Fluffy's ghost, average DsGl


Innate Abilities, Weirdness & Mutations

You have sharp toenails.
A weak demonic guardian rushes to your aid.
You are mostly covered in sharp spines.


Message History

Drink which item? (? for menu, Esc to quit)
You feel yourself speed up.
Your ufetubus hits the orc warrior but does no damage.
Your ufetubus closely misses the orc warrior.
Your crimson imp hits the orc warrior but does no damage.
The orc warrior is struck by your spines.
The orc warrior hits you but does no damage.
You feel drained.
The orc warrior hits your crimson imp with a battleaxe of draining!!
Your crimson imp dies!
The orc warrior hits your ufetubus with a battleaxe of draining!
Your ufetubus dies!
You are very lightly contaminated with residual magic.
You slash the orc warrior! You claw the orc warrior.
The orc warrior is severely wounded.
You hit the orc warrior but do no damage.
Your kick misses the orc warrior.
The orc warrior is severely wounded.
The orc warrior hits you with a battleaxe of draining!
You die...

# ############
#.##.##...........
........o@).......
##
###.##)#####.###+
##.#####+##.## #
#........'...# #
#........#...+ #
###.##.######
#..####)##.##
#....'.()...+
#....##'##+##


You could see an orc warrior.

Vanquished Creatures
  Grinder (D:3)
  2 black bears
  4 ogres
  A boggart (D:6)
  Blork the orc (D:4)
  A giant frog (D:7)
  A big kobold (D:4)
  A scorpion (D:4)
  2 crimson imps
  2 hounds
  5 orc priests
  3 orc wizards
  A worker ant (D:7)
  Natasha (D:2)
  4 gnolls
  8 adders
  3 worms (D:2)
  An adder skeleton (D:4)
  A giant gecko (D:3)
  14 orcs
  A ball python (D:3)
  A bat skeleton (D:6)
  5 giant cockroaches
  14 goblins
  8 hobgoblins
  6 jackals
  18 kobolds
  2 quokkas
  8 bats
  5 giant newts
  15 rats
  A bush (D:4)
  A plant (D:4)
142 creatures vanquished.

Vanquished Creatures (collateral kills)
  A deep elf mage (D:6)
  An orc priest (D:6)
2 creatures vanquished.

Vanquished Creatures (others)
  A quasit (D:6)
  A crimson imp (D:7)
  An iron imp (D:5)
  2 white imps
  3 ufetubi
8 creatures vanquished.

Grand Total: 152 creatures vanquished

Notes
Turn   | Place    | Note
--------------------------------------------------------------
     0 | D:1      | Fluffy the Demonspawn Gladiator began the quest for the Orb.
     0 | D:1      | Reached XP level 1. HP: 16/16 MP: 1/1
   326 | D:1      | Gained mutation: You are partially covered in sharp spines. [demonic ancestry]
   326 | D:1      | Reached XP level 2. HP: 19/22 MP: 2/2
   712 | D:2      | Reached skill level 3 in Dodging
   743 | D:2      | Reached XP level 3. HP: 20/28 MP: 3/3
   773 | D:2      | Reached skill level 1 in Armour
  1291 | D:2      | Noticed Natasha
  1298 | D:2      | Killed Natasha
  1298 | D:2      | Gained mutation: You have sharp toenails. [demonic ancestry]
  1298 | D:2      | Reached XP level 4. HP: 17/34 MP: 4/4
  1753 | D:3      | Noticed Fluffy's ghost (average DsGl)
  2192 | D:3      | Gained mutation: You are mostly covered in sharp spines. [demonic ancestry]
  2192 | D:3      | Reached XP level 5. HP: 32/41 MP: 5/5
  2515 | D:3      | Noticed Grinder
  2515 | D:3      | Paralysed by Grinder for 5 turns
  2556 | D:3      | Killed Grinder
  2556 | D:3      | Reached skill level 4 in Fighting
  2556 | D:3      | Reached XP level 6. HP: 11/48 MP: 6/6
  3137 | D:4      | Noticed Blork the orc
  3155 | D:4      | Killed Blork the orc
  3155 | D:4      | Gained mutation: A weak demonic guardian rushes to your aid. [demonic ancestry]
  3155 | D:4      | Reached XP level 7. HP: 18/54 MP: 7/7
  3770 | D:5      | Entered Level 5 of the Dungeon
  4127 | D:5      | Found a bloodstained altar of Trog.
  4657 | D:5      | Reached skill level 5 in Dodging
  4868 | D:6      | Reached skill level 5 in Fighting
  4879 | D:6      | Reached skill level 5 in Long Blades
  4879 | D:6      | Reached XP level 8. HP: 45/62 MP: 8/8
  5004 | D:6      | Found a staircase to the Ecumenical Temple.
  5014 | Temple   | Entered the Ecumenical Temple
  5113 | Temple   | Became a worshipper of Warmaster Okawaru
  5316 | D:6      | Reached skill level 1 in Invocations
  5433 | D:6      | Found a burning altar of Makhleb.
  5707 | D:7      | Acquired Okawaru's first power
  5929 | D:7      | Reached skill level 6 in Fighting
  5945 | D:7      | Slain by an orc warrior

Vault maps used:
D:1:      dpeg_arrival_ternary
D:2:      first_bread, uniq_natasha
D:3:      uniq_grinder
D:4:      lexackson_kobold_supper, uniq_blork_the_orc
D:5:      bloody_trog
D:6:      makhleb_heckhound_becter, minmay_temple_entry_statues_fountains
Temple:   kilobyte_greek_temple_18

Action                   |  1- 3 |  4- 6 |  7- 9 || total
-------------------------+-------+-------+-------++-------
Melee: Long sword        |    60 |    85 |   191 ||   336
Evoke: Wand              |       |       |     6 ||     6
  Use: Potion            |       |     3 |     1 ||     4
       Scroll            |       |    10 |     8 ||    18
 Stab: Distracted        |       |       |     1 ||     1
  Eat: Chunk             |     1 |     6 |     9 ||    16
